 Dungeon Crawl Stone Soup version 0.21-a0-78-g82a99e0 (webtiles) character file.

5584 Ijustatesigmund the Fighter (level 10, 58/65 HPs)
             Began as an Octopode Artificer on June 21, 2017.
             Was a Believer of Okawaru.
             Quit the game on level 9 of the Dungeon.
             The game lasted 00:29:27 (10102 turns).

Ijustatesigmund the Fighter (Octopode Artificer)   Turns: 10102, Time: 00:29:28

Health: 58/65      AC:  8    Str: 11    XL:     10   Next: 72%
Magic:  13/13      EV: 18    Int: 13    God:    Okawaru [**....]
Gold:   427        SH:  5    Dex: 19    Spells: 9/9 levels left

rFire    + . .     SeeInvis .   r - +1 dagger (protect)
rCold    . . .     Gourm    .   (no shield)
rNeg     . . .     Faith    .   (helmet restricted)
rPois    .         Spirit   .   L - +5 amulet of reflection
rElec    .         Reflect  +   x - ring of protection from fire
rCorr    .         Harm     .   z - +2 ring of evasion
MR       .....                  G - +4 ring of dexterity
Stlth    ++++......             (no ring)
HPRegen  0.20/turn              (no ring)
MPRegen  0.13/turn              (no ring)
                                (no ring)
                                (no ring)

@: protection aura
A: almost no armour, stealthy swim, amphibious, 8 rings, constrict 8, camouflage
1, blink, frail 1, low mp 1, weak 1, gelatinous body 1
a: Blink, Heroism, Renounce Religion


You were on level 9 of the Dungeon.
You worshipped Okawaru.
Okawaru was pleased with you.
You were hungry.

You visited 2 branches of the dungeon, and saw 10 of its levels.

You collected 427 gold pieces.

Inventory:

Hand Weapons
 a - a +0 short sword
 r - a +1 dagger of protection (weapon)
 A - a +0 vampiric dagger
 K - a +2 scimitar of flaming
Missiles
 C - a throwing net (quivered)
Jewellery
 x - a ring of protection from fire (left tentacle)
 z - a +2 ring of evasion (right tentacle)
 G - a +4 ring of dexterity (on tentacle)
 L - a +5 amulet of reflection (around mantle)
Wands
 b - a wand of flame (1/48)
 d - a wand of random effects (12/48)
 h - a wand of random effects (28/48)
 l - a wand of iceblast (9/15)
 m - a wand of flame (29/48)
 n - a wand of iceblast (2/15)
 q - a wand of polymorph (15/24)
 v - a wand of enslavement (11/24)
 F - a wand of enslavement (10/24)
Scrolls
 c - 2 scrolls of identify
 e - 2 scrolls of remove curse
 g - 7 scrolls of amnesia
 i - 2 scrolls of teleportation
 o - 3 scrolls of fog
 u - 2 scrolls of magic mapping
 J - a scroll of fear {unknown}
Potions
 j - a potion of curing
 t - a potion of berserk rage
 w - a potion of magic
 B - a potion of resistance
 E - a potion of haste
 H - a potion of brilliance
 I - a potion of heal wounds
Books
 y - a book of Misfortune

   Spells                             Type                      Level
   a - Confusing Touch                Hexes                        1
   b - Confuse                        Hexes                        3
   c - Gell's Gravitas                Translocation                3
   d - Petrify                        Transmutation/Earth          4
   e - Metabolic Englaciation         Hexes/Ice                    5
   f - Yara's Violent Unravelling     Hexes/Transmutation          5
 D - a book of Cantrips

   Spells                             Type                      Level
   a - Confusing Touch                Hexes                        1
   b - Animate Skeleton               Necromancy                   1
   c - Summon Small Mammal            Summoning                    1
   d - Apportation                    Translocation                1
Comestibles
 f - 4 bread rations
 k - 3 meat rations
 p - a fruit
 s - 3 royal jellies


   Skills:
 + Level 8.9 Fighting
 + Level 8.8 Short Blades
 - Level 2.6 Throwing
 - Level 4.8 Dodging
 - Level 5.6 Stealth
 * Level 6.0 Invocations
 - Level 5.4 Evocations


You had 9 spell levels left.
You didn't know any spells.

Dungeon Overview and Level Annotations

Branches:
Dungeon (9/15)             Temple (1/1) D:6            Lair (0/6) D:9
    Orc: D:9-12

Altars:
Ashenzari
Cheibriados
Dithmenos
Elyvilon
Fedhas
Gozag
Hepliaklqana
Kikubaaqudgha
Makhleb
Nemelex Xobeh
Okawaru
Qazlal
Ru
Sif Muna
Trog
Uskayaw
Vehumet
Wu Jian
Xom
Yredelemnul
Zin
The Shining One

Shops:
D:8 :


Innate Abilities, Weirdness & Mutations

You cannot wear most types of armour.
You are very stealthy in the water. (Stealth+)
You are amphibious.
You can wear up to eight rings at the same time.
You can use your tentacles to constrict eight enemies at once.
Your skin changes colour to match your surroundings (Stealth+).
Your rubbery body absorbs attacks. (AC +1, EV +1)
You can translocate small distances at will.
You are frail. (-10% HP)
Your magical capacity is low. (-10% MP)
You are weak. (Str -2)


Message History

No target in view!
No target in view!
No target in view!
No target in view!
No target in view!
No target in view!
No target in view!
No target in view!
No target in view!
You see here a sky beast corpse.
You butcher the sky beast corpse.
You see here 3 mutagenic chunks of flesh.
You eat one of the 3 mutagenic chunks of flesh.
This meat tastes really weird.
You feel weaker.
Unknown command.
You eat one of the 2 mutagenic chunks of flesh.
This meat tastes really weird.
You feel weaker.
Are you sure you want to abandon this character and quit the game? (Confirm with "yes".)

#..# #..##<....#
#.## #..##......
#.# #.......# #.#
#.#######
#.####.# ##
#.##...# #.#
#.##.### #..
#.##.# ##.#
##.####@##.##. #
#............#
#.#.....#.##.#..#
#.......##.# #
###.....# #..
#..........#
######### .# . ##


There were no monsters in sight!

Vanquished Creatures
  Erica (D:8)
  A two-headed ogre (D:9)
  Maurice (D:8)
  Grinder (D:3)
  Prince Ribbit (D:5)
  A hippogriff (D:7)
  A hungry ghost (D:8)
  3 sky beasts
  2 black bears (D:8)
  2 orc warriors (D:6)
  3 ice beasts
  A phantom (D:6)
  A centaur (D:6)
  2 big kobolds (D:3)
  3 bullfrogs
  Blork the orc (D:6)
  A wyvern skeleton (D:7)
  2 scorpions
  A wight (D:9)
  2 killer bees (D:8)
  2 crimson imps
  A bullfrog zombie (D:8)
  4 hounds
  A quasit (D:5)
  A jelly (D:7)
  2 orc priests
  6 orc wizards
  2 bullfrog skeletons (D:4)
  3 centaur skeletons
  2 iguanas
  Ijyb (D:3)
  3 worker ants
  A hound skeleton (D:4)
  4 gnolls
  9 adders
  A shadow imp (D:7)
  2 oozes
  2 adder skeletons
  2 worms (D:2)
  2 dart slugs
  4 leopard geckos
  19 orcs
  2 ball pythons (D:1)
  7 giant cockroaches
  14 goblins
  17 hobgoblins
  7 jackals
  5 quokkas
  5 bats
  5 frilled lizards
  17 kobolds
  A quokka zombie (D:8)
  5 rats
190 creatures vanquished.

Vanquished Creatures (collateral kills)
  Pikel (D:4)
  2 killer bees (D:8)
  An orc priest (D:3)
  3 gnolls
  An adder (D:7)
  A leopard gecko (D:5)
  An orc (D:3)
  2 hobgoblins (D:3)
  A rat (D:2)
13 creatures vanquished.

Vanquished Creatures (others)
  A slave (D:4)
  A scorpion (D:4)
  A killer bee (D:8)
  2 howler monkeys (D:7)
  An orc priest (D:8)
  4 gnolls
  2 orcs
12 creatures vanquished.

Grand Total: 215 creatures vanquished

Notes
Turn   | Place    | Note
-------+----------+-------------------------------------------
     0 | D:1      | Ijustatesigmund the Octopode Artificer began the quest for the Orb.
     0 | D:1      | Reached XP level 1. HP: 13/13 MP: 3/3
    48 | D:1      | Reached XP level 2. HP: 18/18 MP: 4/4
   381 | D:1      | Reached XP level 3. HP: 20/24 MP: 5/5
   823 | D:2      | Found a sparkling altar of Nemelex Xobeh.
  1431 | D:2      | Reached XP level 4. HP: 22/30 MP: 6/6
  2196 | D:2      | Reached XP level 5. HP: 32/36 MP: 7/7
  2583 | D:3      | Noticed Grinder
  2781 | D:4      | Noticed a slave
  2803 | D:4      | Found an opulent altar of Gozag.
  2934 | D:4      | Reached XP level 6. HP: 32/42 MP: 8/8
  3324 | D:4      | Noticed Pikel
  3324 | D:4      | Noticed a slave
  3324 | D:4      | Noticed a slave
  3326 | D:4      | Noticed a slave
  3341 | D:4      | Killed Pikel
  3341 | D:4      | Reached XP level 7. HP: 39/49 MP: 9/9
  3518 | D:4      | Found a deep blue altar of Sif Muna.
  3519 | D:4      | Found a hazy altar of Hepliaklqana.
  3560 | D:5      | Entered Level 5 of the Dungeon
  3671 | D:5      | Noticed Prince Ribbit
  3678 | D:5      | Killed Prince Ribbit
  3678 | D:5      | Reached skill level 5 in Fighting
  3678 | D:5      | Reached skill level 5 in Short Blades
  3992 | D:5      | Reached XP level 8. HP: 36/56 MP: 10/10
  4727 | D:5      | Found a stormy altar of Qazlal.
  5146 | D:3      | Paralysed by Grinder for 5 turns
  5156 | D:3      | Killed Grinder
  5423 | D:3      | Noticed a hand axe
  5425 | D:3      | Noticed a dagger
  5426 | D:3      | Found a hide-covered altar of Uskayaw.
  5784 | D:3      | Found a shattered altar of Ashenzari.
  5784 | D:3      | Noticed Ijyb
  5789 | D:3      | Killed Ijyb
  5967 | D:3      | Found a glowing golden altar of the Shining One.
  6454 | D:6      | Reached XP level 9. HP: 55/63 MP: 12/12
  6626 | D:6      | Noticed Blork the orc
  6628 | D:6      | Killed Blork the orc
  6853 | D:6      | Reached skill level 5 in Evocations
  6879 | D:6      | Found a staircase to the Ecumenical Temple.
  6884 | Temple   | Entered the Ecumenical Temple
  7133 | D:6      | Reached skill level 5 in Stealth
  7718 | D:8      | Noticed Maurice
  7725 | D:8      | Killed Maurice
  7725 | D:8      | Reached skill level 1 in Throwing
  8198 | D:7      | Found an iron altar of Okawaru.
  8206 | D:7      | Gained mutation: Your magical capacity is low. (-10% MP) [potion of mutation]
  8206 | D:7      | Gained mutation: You are frail. (-10% HP) [potion of mutation]
  8206 | D:7      | Gained mutation: Your muscles are strong. (Str +2) [potion of mutation]
  8206 | D:7      | Gained mutation: You can translocate small distances at will. [potion of mutation]
  8221 | D:7      | Became a worshipper of Warmaster Okawaru
  8263 | D:7      | Reached skill level 1 in Invocations
  8263 | D:7      | Reached XP level 10. HP: 28/64 MP: 12/12
  8898 | D:8      | Noticed Erica
  8915 | D:8      | Killed Erica
  8915 | D:8      | Reached * piety under Okawaru
  9054 | D:8      | Found a glowing silver altar of Zin.
  9098 | D:8      | Found Kowu Modoz's Book Boutique.
  9496 | D:8      | Found a sacrificial altar of Ru.
  9611 | D:8      | Reached skill level 5 in Invocations
  9616 | D:8      | Reached ** piety under Okawaru
 10003 | D:9      | Noticed a two-headed ogre
 10007 | D:9      | Killed a two-headed ogre
 10020 | D:9      | Found a staircase to the Lair.
 10100 | D:9      | Lost mutation: Your muscles are strong. (Str +2) [mutagenic meat]
 10101 | D:9      | Gained mutation: You are weak. (Str -2) [mutagenic meat]
 10102 | D:9      | Quit the game

Vault maps used:
D:1:      lemuel_arrival_broad_hall, minmay_misc_feat_tiny,
          corexii_hall_statues_deadend
D:2:      nemelex_xobeh_ov_fountains_minmay, first_bread,
          hangedman_decor_lopped, minmay_item_behind_shaft
D:3:      cheibrodos_thug_alley, dancing_weapons_uskayaw,
          nicolae_tso_swordbearing_angel, evilmike_ruin_ashenzari,
          minmay_goblin_kobold_house, uniq_ijyb, uniq_grinder
D:4:      grunt_gozag_statues, gammafunk_temple_overflow_pools, uniq_pikel
D:5:      kennysheep_diamond, nicolae_qazlal_eye_of_the_storm,
          uniq_prince_ribbit1
D:6:      temple_doors_ab, uniq_blork_the_orc
D:7:      okawaru_ov_weapons_minmay
D:8:      lemuel_crystal_altar, nicolae_ru_great_annihilating_truth,
          serial_shops, nicolae_shop_waterfront, uniq_erica, uniq_maurice
D:9:      dpeg_oklobed_lair, basic_altar
Temple:   nicolae_temple_x_marks_the_god

Skill      XL: |  1  2  3  4  5  6  7  8  9 10 |
---------------+-------------------------------+-----
Fighting       | 2 3 4 5 6 8 |  8.9
Short Blades   | 2 3 4 5 6 8 |  8.8
Dodging        | 3 4 |  4.8
Stealth        | 4 5 |  5.6
Evocations     | 4 5 |  5.4
Throwing       | 2 |  2.6
Invocations    | 1 6 |  6.0

Action                   |  1- 3 |  4- 6 |  7- 9 | 10-12 || total
-------------------------+-------+-------+-------+-------++-------
Melee: Short sword       |    74 |    82 |   104 |       ||   260
       Tentacles         |    16 |    22 |    94 |    36 ||   168
       Constrict         |    24 |    20 |    56 |    14 ||   114
       Dagger            |       |       |   291 |   129 ||   420
       Punch             |       |       |       |     2 ||     2
Throw: Throwing net      |       |       |     2 |       ||     2
Invok: Heroism           |       |       |       |     2 ||     2
Evoke: Wand              |     1 |    13 |    24 |     3 ||    41
  Use: Scroll            |     3 |     5 |     6 |       ||    14
       Potion            |       |     1 |     8 |     1 ||    10
 Stab: Sleeping          |     4 |     7 |    19 |     4 ||    34
       Distracted        |       |       |     1 |       ||     1
       Invisible         |       |       |       |     1 ||     1
       Paralysed         |       |       |       |     1 ||     1
  Eat: Chunk             |     1 |     7 |     9 |     5 ||    22
       Fruit             |       |       |     2 |     3 ||     5
       Bread ration      |       |       |     1 |       ||     1
       Meat ration       |       |       |       |     1 ||     1
Armor: Skin              |     9 |       |    49 |    16 ||    74
Dodge: Dodged            |    55 |    53 |   195 |    45 ||   348
Block: Other             |       |       |       |     7 ||     7
